Map: Tourmaline LE

Players

HoldTheDoor

  • Race: Protoss Protoss
  • League: Diamond
  • Spawn Location: 1:00

NoScriptDude - Winner!

  • Race: Terran Terran
  • League: Master
  • Spawn Location: 7:00

VOD

Have the link to the VOD?

Description

Time

  • Played on: May 6, 2026, 11:19 a.m.
  • Length: 6:03
Show
View Real Time Build Order
Export as new Build Order

HoldTheDoor Protoss 

Build Orders: 1 Gate Expand 

Get SALT Encoding   

  12  0:00  Probe  
  13  0:12  Probe  
  14  0:18  Pylon  
  14  0:24  Probe  
  15  0:34  Probe  
  15  0:41  Gateway  
  15  0:42  Probe  
  16  0:49  Assimilator  
  17  0:51  Probe  
  18  1:03  Probe  
  19  1:06  Pylon  
  19  1:15  Probe  
  20  1:27  Probe  
  20  1:28  Cybernetics Core  
  21  1:40  Nexus  
  21  1:44  Probe  
  22  1:56  Probe  
  23  2:03  Pylon  
  23  2:14  Adept  
  23  2:19  Pylon  
  25  2:25  Assimilator  
  25  2:26  Robotics Facility  
  25  2:31  Pylon  
  25  2:42  Gateway  
  25  2:46  Pylon  
  25  2:59  Probe  
  25  3:00  Shield Battery  
  25  3:03  Pylon  
  25  3:04  Shield Battery  
  26  3:07  Sentry  
  26  3:11  Probe  
  29  3:22  Immortal  
  29  3:23  Probe  
  34  3:31  Gateway  
  34  3:33  Gateway  
  34  3:47  Pylon  
  34  3:54  Stalker  
  34  3:57  Adept  
  38  4:13  Immortal  
  42  4:25  Nexus  
  42  4:29  Pylon  
  42  4:33  Probe  
  43  4:39  Gateway  
  43  4:46  Gateway  
  43  4:50  Probe  
  44  5:02  Probe, Warp Prism  
  47  5:14  Pylon  
  47  5:27  Forge  
  47  5:29  Pylon  
  47  5:30  Probe  
  48  5:43  Probe  
Show
View Real Time Build Order
Export as new Build Order

NoScriptDude Terran - Winner!

Build Orders:  

Get SALT Encoding   

  12  0:02  SCV  
  14  0:14  SCV  
  14  0:16  Supply Depot  
  14  0:26  SCV  
  15  0:38  SCV  
  15  0:41  Barracks  
  16  0:44  Refinery  
  16  0:52  SCV  
  17  1:04  SCV  
  18  1:17  Barracks  
  18  1:28  Orbital Command  
  18  1:30  Marine  
  19  1:39  Bunker  
  19  1:48  Reaper  
  20  1:55  Supply Depot  
  20  2:09  Barracks Reactor  
  20  2:10  SCV  
  20  2:22  SCV  
  21  2:27  Barracks Tech Lab  
  21  2:34  SCV  
  21  2:35  Command Center  
  22  2:45  Marine, Refinery  
  22  2:46  SCV  
  24  2:55  Stimpack  
  24  2:57  Marine  
  25  2:58  SCV  
  26  3:08  Marine  
  26  3:11  SCV  
  28  3:14  Marine  
  28  3:15  Marine  
  30  3:23  SCV, Supply Depot  
  31  3:34  Factory  
  31  3:45  Marine  
  31  3:46  SCV  
  31  3:47  Marine x2  
  31  3:48  Orbital Command  
  35  3:54  Engineering Bay  
  35  4:10  Marine x2  
  35  4:11  Marine  
  35  4:14  SCV x2  
  40  4:21  Factory Reactor  
  40  4:25  Starport  
  40  4:26  SCV x2  
  42  4:32  Marine  
  42  4:33  Marine x2  
  45  4:38  SCV x2  
  45  4:44  Supply Depot x2  
  47  4:50  SCV x2  
  49  4:55  Supply Depot  
  49  5:04  SCV x2  
  51  5:11  Barracks  
  51  5:13  Factory Tech Lab  
  51  5:14  Medivac x2  
  51  5:20  Marine  
  51  5:21  Marine x2, SCV  
  58  5:22  SCV  
  60  5:33  SCV  
  60  5:34  SCV  
  65  5:38  Marine x2  
  67  5:46  SCV x2  
  69  5:52  Refinery  
  69  5:53  Refinery  
Tags
 
Add a new tag
Caveats
  • Supply blocks, unpowered buildings, or Contaminate may cause inaccurate times.
  • Supply counts are checked every 10 seconds.